Map: Kairos Junction LE

Players

HydraOrc

  • Race: Protoss Protoss
  • Spawn Location: 11:00

BuRning - Winner!

  • Race: Terran Terran
  • Spawn Location: 5:00

Event: 2019 WCS Summer

VOD

Have the link to the VOD?

Description

Time

  • Played on: July 12, 2019, 9:16 a.m.
  • Length: 13:47

All games in this series

Show
View Real Time Build Order
Export as new Build Order

HydraOrc Protoss 

Build Orders:  

Get SALT Encoding   

  12  0:00  Probe  
  13  0:12  Probe  
  14  0:20  Pylon  
  14  0:24  Probe  
  15  0:31  Pylon  
  15  0:34  Probe  
  15  0:42  Probe  
  17  0:50  Gateway  
  17  0:52  Probe  
  18  0:59  Assimilator  
  18  1:04  Probe  
  19  1:19  Probe  
  20  1:30  Zealot  
  20  1:31  Probe  
  21  1:37  Cybernetics Core  
  23  1:43  Probe, Gateway  
  24  1:48  Assimilator  
  24  1:55  Probe  
  25  2:04  Stalker  
  25  2:07  Probe  
  28  2:17  Shield Battery  
  28  2:19  Warp Gate  
  28  2:20  Probe  
  27  2:30  Stalker  
  27  2:33  Stalker  
  31  2:59  Nexus  
  31  3:08  Pylon  
  30  3:26  Stalker  
  32  3:28  Gateway  
  32  3:35  Robotics Facility  
  32  3:45  Shield Battery  
  33  3:48  Probe  
  33  4:00  Probe  
  34  4:07  Adept  
  34  4:08  Stalker  
  38  4:12  Probe x2  
  36  4:26  Stalker  
  36  4:27  Stalker  
  40  4:31  Zealot  
  40  4:32  Probe  
  40  4:33  Probe  
  44  4:41  Probe  
  44  4:44  Probe  
  44  4:45  Observer  
  39  5:02  Probe x2  
  41  5:13  Robotics Bay  
  41  5:14  Probe  
  40  5:15  Pylon  
  40  5:17  Probe, Adept  
  40  5:18  Stalker x2  
  47  5:23  Assimilator  
  47  5:25  Assimilator  
  47  5:47  Probe  
  47  5:49  Pylon  
  46  5:51  Twilight Council  
  46  5:53  Probe, Gateway  
  47  5:57  Gateway  
  47  6:00  Zealot, Adept x2, Pylon  
  47  6:02  Probe  
  53  6:05  Probe  
  53  6:07  Colossus  
  60  6:20  Probe x2  
  60  6:23  Pylon  
  56  6:41  Stalker, Adept  
  56  6:42  Zealot  
  61  6:48  Pylon  
  60  6:58  Stalker, Zealot  
  60  6:59  Observer  
  61  7:05  Stalker  
  61  7:06  Stalker x2  
  61  7:07  Probe, Colossus  
  62  7:19  Charge  
  66  7:26  Stalker x2  
  70  7:33  Stalker, Zealot  
  70  7:34  Probe  
  73  7:46  Probe  
  73  7:47  Forge  
  74  7:51  Extended Thermal Lance  
  74  7:58  Probe  
  68  8:14  Stalker x3  
  68  8:15  Zealot  
  70  8:29  Adept  
  70  8:33  Protoss Ground Weapons Level 1  
  70  8:34  Probe  
  73  8:40  Nexus  
  73  8:42  Sentry  
  73  8:46  Zealot  
  77  8:52  Zealot  
  77  8:53  Probe  
  77  8:55  Zealot  
  82  9:00  Zealot  
  84  9:11  Observer  
  84  9:13  Stalker x2  
  82  9:21  Probe  
  82  9:22  Probe  
  82  9:23  Zealot x2  
  89  9:29  Templar Archives  
  89  9:34  Pylon  
  83  9:46  Stalker x3  
  89  9:57  Stalker  
  89  9:58  Stalker  
  89  10:12  Zealot x3  
  91  10:22  Zealot x2  
  95  10:34  Zealot x3  
  83  10:42  Observer  
  79  10:47  Stalker x2  
  68  10:55  Stalker x3  
  74  11:09  Pylon  
  70  11:15  Stalker x2  
  67  11:21  Blink  
  67  11:22  Observer  
  67  11:24  Sentry  
  67  11:25  Zealot x2  
  65  11:41  Stalker  
  58  12:02  Zealot  
  58  12:03  Zealot  
  62  12:11  Probe  
  62  12:13  Observer  
  62  12:14  High Templar x2  
  67  12:20  Archon  
  68  12:29  Stalker  
  70  12:35  High Templar  
  72  12:37  High Templar  
  72  12:43  Archon  
  74  12:48  High Templar x2  
  78  12:52  Probe  
  78  12:54  Archon  
  79  13:01  Zealot  
  81  13:09  Zealot  
  55  13:28  Stalker  
  55  13:29  Zealot  
Show
View Real Time Build Order
Export as new Build Order

BuRning Terran - Winner!

Build Orders: Cyclone Opening, Mech 

Get SALT Encoding   

  12  0:00  SCV  
  13  0:13  SCV  
  14  0:17  Supply Depot  
  14  0:25  SCV  
  15  0:38  SCV  
  15  0:40  Barracks  
  16  0:45  Refinery  
  16  0:50  SCV  
  16  0:55  Refinery  
  17  1:03  SCV  
  18  1:15  SCV  
  19  1:26  Reaper  
  19  1:28  Orbital Command  
  20  1:37  Supply Depot  
  20  1:43  Factory  
  20  1:52  Bunker  
  20  1:57  SCV  
  21  2:09  SCV  
  21  2:12  Barracks Reactor  
  22  2:21  SCV  
  23  2:28  Factory Tech Lab  
  23  2:33  SCV  
  24  2:42  Command Center  
  24  2:47  Cyclone  
  27  2:53  Marine  
  27  2:54  Marine  
  29  2:58  Supply Depot  
  29  3:05  SCV  
  30  3:12  Marine  
  30  3:19  Marine  
  31  3:20  SCV  
  31  3:26  Starport  
  33  3:31  Siege Tank  
  36  3:34  SCV  
  36  3:37  Marine  
  37  3:48  SCV  
  37  3:50  Marine, Supply Depot  
  39  3:56  Orbital Command  
  39  4:02  Starport Tech Lab  
  39  4:03  SCV  
  39  4:09  Siege Tank  
  43  4:16  Marine x2  
  45  4:21  Orbital Command  
  42  4:26  SCV  
  42  4:28  Raven  
  46  4:35  Marine x2  
  46  4:38  SCV  
  48  4:43  Siege Tank  
  51  4:47  SCV  
  51  4:50  SCV  
  53  4:57  Marine  
  53  4:59  SCV  
  46  5:00  Marine  
  46  5:04  Cloaking Field  
  46  5:07  SCV  
  45  5:14  Marine  
  45  5:17  SCV  
  45  5:18  Banshee  
  45  5:19  SCV  
  50  5:22  Refinery  
  50  5:29  Marine, SCV  
  50  5:31  SCV  
  50  5:32  Marine  
  50  5:33  Supply Depot  
  53  5:41  SCV  
  54  5:45  SCV  
  54  5:47  Siege Tank  
  58  5:50  Marine  
  58  5:53  SCV  
  60  5:57  SCV  
  60  6:02  Banshee  
  64  6:05  SCV, Command Center  
  64  6:09  Marine x2  
  64  6:10  SCV  
  68  6:14  Supply Depot  
  68  6:17  SCV  
  69  6:22  Refinery, SCV  
  70  6:26  Supply Depot  
  70  6:35  Siege Tank, Marine, SCV x2  
  73  6:46  Factory x2  
  73  6:47  Banshee  
  73  6:48  SCV x2  
  78  7:00  SCV  
  74  7:02  SCV  
  74  7:04  Marine x2  
  73  7:11  Supply Depot  
  73  7:12  Bunker, SCV  
  73  7:14  SCV  
  72  7:16  Siege Tank  
  72  7:20  Orbital Command  
  72  7:21  Armory  
  75  7:24  SCV  
  75  7:26  SCV  
  77  7:34  Banshee  
  77  7:36  Factory Tech Lab, SCV  
  81  7:38  SCV  
  81  7:41  Engineering Bay  
  81  7:42  Orbital Command, Supply Depot  
  82  7:48  SCV  
  82  7:50  SCV  
  84  7:56  Hellion x2, Cyclone  
  84  7:57  Mag-Field Accelerator, Infernal Pre-Igniter  
  91  8:00  SCV  
  91  8:02  SCV, Supply Depot  
  92  8:07  Orbital Command  
  92  8:12  SCV x2, Hellion  
  88  8:15  SCV  
  88  8:19  Banshee, Hellion x2  
  96  8:22  Terran Vehicle Weapons Level 1  
  96  8:24  SCV  
  92  8:30  SCV  
  92  8:33  SCV, Supply Depot  
  93  8:36  SCV  
  93  8:37  Siege Tank  
  93  8:39  Siege Tank  
  100  8:42  SCV  
  100  8:45  SCV  
  102  8:49  SCV  
  102  8:51  Hellion x2  
  102  8:54  SCV  
  102  8:55  Supply Depot  
  108  8:57  SCV, Supply Depot  
  108  9:01  Refinery x2, SCV  
  110  9:04  Factory x2  
  110  9:06  SCV  
  110  9:13  SCV  
  104  9:17  SCV  
  104  9:20  SCV  
  104  9:21  Refinery  
  104  9:23  Hellion x2  
  116  9:24  Supply Depot  
  116  9:25  SCV  
  116  9:27  Siege Tank x2  
  116  9:29  SCV  
  118  9:32  SCV  
  118  9:36  Missile Turret  
  118  9:37  Hyperflight Rotors, SCV  
  120  9:41  SCV  
  120  9:44  SCV, Hellion x2  
  123  9:51  Banshee  
  126  9:53  SCV  
  126  9:54  SCV  
  126  9:56  SCV  
  126  9:59  Hellion, Cyclone  
  121  10:01  Factory Reactor  
  121  10:02  Factory Tech Lab  
  108  10:16  Hellion x2  
  108  10:21  Terran Vehicle Weapons Level 2, Command Center, Hellion x2, Missile Turret  
  116  10:31  Hellion  
  116  10:34  SCV  
  107  10:37  Hellion x2  
  107  10:38  Hellion x2  
  107  10:42  Cyclone x2  
  112  10:46  Banshee  
  99  10:53  Hellion  
  94  10:59  Hellion x3  
  94  11:00  SCV x2, Hellion  
  102  11:14  Hellion, Cyclone  
  102  11:15  Hellion  
  109  11:22  SCV x2  
  111  11:28  Orbital Command  
  111  11:29  Hellion x2  
  111  11:32  Refinery  
  115  11:33  Refinery  
  115  11:35  Missile Turret  
  115  11:36  Cyclone  
  118  11:41  SCV  
  118  11:42  Siege Tank  
  118  11:44  Sensor Tower  
  122  11:51  Hellion x2  
  126  11:57  SCV  
  127  12:04  Planetary Fortress  
  127  12:07  Siege Tank, Hellion  
  127  12:08  SCV  
  130  12:10  SCV x2  
  132  12:17  Siege Tank  
  132  12:19  Siege Tank  
  134  12:23  SCV x3  
  137  12:31  Hellion x2  
  137  12:34  Hellion  
  143  12:38  SCV x2  
  143  12:43  Siege Tank, Banshee, SCV  
  152  12:46  Supply Depot  
  152  12:51  SCV  
  153  12:57  Siege Tank x2  
  153  12:58  Supply Depot  
  159  13:03  Refinery  
  159  13:04  Refinery, Hellion x12  
  159  13:05  Widow Mine x4  
  167  13:13  Supply Depot  
  163  13:23  Hellion  
  163  13:33  SCV x2  
  174  13:34  SCV  
Tags
 
Add a new tag
Caveats
  • Supply blocks, unpowered buildings, or Contaminate may cause inaccurate times.
  • Supply counts are checked every 10 seconds.